 Dungeon Crawl Stone Soup version 0.30.0-5-g1a98f26d00 (webtiles) character file.

Game seed: 16087148324284519456

454 Edyrem the Poker (level 7, -1/57 HPs)
             Began as a Merfolk Gladiator on May 10, 2023.
             Slain by an orc wizard
             ... wielding a +0 dagger
              (3 damage)
             ... on level 4 of the Dungeon.
             The game lasted 00:07:08 (2873 turns).

Edyrem the Poker (Merfolk Gladiator)                Turns: 2873, Time: 00:07:08

Health: -1/57      AC:  6    Str: 22 (23) XL:     7   Next: 5%
Magic:  7/7        EV: 12    Int:  7      God:
Gold:   126        SH:  0    Dex: 14 (15) Spells: 6/6 levels left

rFire   . . .        a - +0 trident
rCold   . . .        (no shield)
rNeg    . . .        w - +0 ring mail
rPois   .            c - +0 helmet
rElec   .            (no cloak)
rCorr   .            (no gloves)
SInv    .            (no boots)
Will    .....        (no amulet)
Stlth   +            p - +6 ring of strength
HPRegen 0.29/turn    q - ring of flight
MPRegen 0.10/turn

%: no passive effects
@: mighty, flying
A: (nimble swimmer 2), mertail
a: no special abilities


You were on level 4 of the Dungeon.
You visited 1 branch of the dungeon, and saw 4 of its levels.

You collected 126 gold pieces.

Inventory:

Hand Weapons
 a - a +0 trident (weapon)
 x - the +6 sling of Plog {flame, rPois rF- rC+}
   (You found it on level 3 of the Dungeon)

   rF:        It makes you vulnerable to fire.
   rC:        It protects you from cold.
   rPois:     It protects you from poison.
Missiles
 d - 3 throwing nets
 e - a javelin (quivered)
Armour
 b - a +0 leather armour
 c - a +0 helmet (worn)
 w - a +0 ring mail (worn)
Jewellery
 p - a +6 ring of strength (left hand)
 q - a ring of flight (right hand)
 s - a ring of fire
Scrolls
 f - 2 scrolls of identify {@r1}
 g - a scroll of teleportation {unknown}
 h - a scroll of poison {unknown}
 j - a scroll of amnesia {unknown}
 k - 2 scrolls of vulnerability {unknown}
 l - a scroll of fear {unknown}
 n - 2 scrolls of immolation
 o - 2 scrolls of blinking {unknown}
 r - 2 scrolls of silence {unknown}
 t - a scroll of brand weapon {unknown}
 v - a scroll of magic mapping {unknown}


   Skills:
 + Level 5.9 Fighting
 + Level 7.7 Polearms
 - Level 2.0 Throwing
 - Level 4.0 Dodging


You had 6 spell levels left.
You didn't know any spells.
Your spell library contained the following spells:

 Spells                   Type           Power      Damage    Failure   Level
 Cigotuvi's Dreadful Rot  Necr/Pois/Air  0%         N/A       75%         2
 Dazzling Flash           Conj/Hex       0%         N/A       92%         3
 Stone Arrow              Conj/Erth      0%         3d7       92%         3
 Animate Armour           Summ/Erth      0%         N/A       100%        4
 Dispel Undead            Necr           0%         3d6       100%        4
 Agony                    Necr           0%         N/A       100%        5
 Silence                  Hex/Air        0%         N/A       100%        5
 Death Channel            Necr           0%         N/A       100%        6
 Lehudib's Crystal Spear  Conj/Erth      0%         10d2      100%        8


Dungeon Overview and Level Annotations

Branches:
Dungeon (4/15)
 Temple: D:4-7

Altars:


Innate Abilities, Weirdness & Mutations

((You are very nimble when in or above water. (Stealth+, EV+, Speed+++)))
Your lower body shifts to a powerful aquatic tail in water.


Message History

The orc priest hits you with a +0 war axe!
The orc wizard gestures wildly while chanting.
The orc wizard flickers and vanishes!
Deactivating autopickup; reactivate with Ctrl-A.
You hit the orc priest.
The orc priest is heavily wounded.
The orc priest hits you but does no damage.
You barely miss the orc priest.
The orc priest is heavily wounded.
The orc priest invokes the aid of Beogh against you.
Beogh smites you!
You closely miss the orc priest.
The orc priest is heavily wounded.
The orc priest invokes the aid of Beogh against you.
Pain shoots through your body!
You closely miss the orc priest.
The orc priest is heavily wounded.
The orc priest calls down the wrath of Beogh upon you.
Beogh smites you!
* * * LOW HITPOINT WARNING * * *
You puncture the orc priest!
You kill the orc priest!
You feel your intelligence returning.
You have reached level 7!
You miss something. Something hits you.
* * * LOW HITPOINT WARNING * * *
It was a potion of might.
You feel very mighty all of a sudden. Something hits you.
* * * LOW HITPOINT WARNING * * *
You puncture something! Something completely misses you.
You closely miss something. Something hits you but does no damage.
You closely miss something. You barely miss something. Something hits you.
* * * LOW HITPOINT WARNING * * *
You miss something. Something hits you.
* * * LOW HITPOINT WARNING * * *
You closely miss something. Something hits you but does no damage.
You hit something. Something hits you.
You die...

#
....#############
#..o{@........#
#.####..#####.#
#..#####.######
...............#
###..#####.####.#
[(.# #.# #.#
###.. ..# #.# ###
#### #)# #)#


You could see an orc.

Vanquished Creatures
  Sigmund (D:3)
  3 orc priests
  An iguana (D:4)
  An orc wizard (D:3)
  5 adders
  A shadow imp (D:4)
  2 worms (D:3)
  2 dart slugs (D:3)
  6 orcs
  7 ball pythons
  9 bats
  3 endoplasms
  5 giant cockroaches
  5 goblins
  9 hobgoblins
  3 jackals (D:1)
  3 kobolds
  4 quokkas
  4 frilled lizards
  2 rats
76 creatures vanquished.

Notes
Turn   | Place    | Note
-------+----------+-------------------------------------------
     0 | D:1      | Edyrem the Merfolk Gladiator began the quest for the Orb.
     0 | D:1      | Reached XP level 1. HP: 16/16 MP: 1/1
    67 | D:1      | Reached XP level 2. HP: 23/23 MP: 2/2
   134 | D:1      | Found a faded altar of an unknown god.
   193 | D:1      | Reached XP level 3. HP: 26/29 MP: 3/3
   948 | D:2      | Reached skill level 5 in Polearms
  1609 | D:3      | Reached XP level 4. HP: 30/36 MP: 4/4
  1801 | D:3      | Identified the +6 sling of Plog {flame, rPois rF- rC+}
  1812 | D:3      | Noticed Sigmund
  1837 | D:3      | Killed Sigmund
  1838 | D:3      | Reached skill level 5 in Fighting
  1838 | D:3      | Reached skill level 6 in Polearms
  1838 | D:3      | Reached XP level 5. HP: 3/44 MP: 5/5
  1838 | D:3      | Reached XP level 6. HP: 4/51 MP: 6/6
  2082 | D:3      | Reached skill level 7 in Polearms
  2865 | D:4      | Reached XP level 7. HP: 9/57 MP: 7/7
  2871 | D:4      | HP: 1/57 [something (2)]
  2873 | D:4      | Slain by an orc wizard

Illustrated notes

Levels and vault maps discovered:
D:1:      heliophobic_arrival_ceremonial_halls, layout_loops_ring,
          shapermc_ecumenical_altar_starsandcircs
D:2:      layout_loops_ring, grunt_ministairs_11, lightli_corner_chamber
D:3:      layout_basic, minmay_fractal_squares_5, uniq_sigmund
D:4:      layout_loops_cross, nicolae_gozag_cash_rules_everything_around_me,
          minmay_temple_entry_from_below_a

Skill      XL: |  1  2  3  4  5  6 |
---------------+-------------------+-----
Fighting       | 3 5 |  5.9
Polearms       | 5 6 7 |  7.7
Throwing       | |  2.0
Dodging        | |  4.0

Action                     |  1- 3 |  4- 6 |  7- 9 || total
---------------------------+-------+-------+-------++-------
  Melee: Trident           |   120 |   158 |     8 ||   286
         Punch             |       |     1 |       ||     1
    Use: Potion            |       |     3 |     1 ||     4
         Scroll            |       |     1 |       ||     1
   Stab: Distracted        |     1 |       |       ||     1
         Sleeping          |     1 |       |       ||     1
 Armour: Leather armour    |    29 |     7 |       ||    36
         Ring mail         |       |    35 |     2 ||    37
  Dodge: Dodged            |    79 |    94 |     1 ||   174
